 Dungeon Crawl Stone Soup version 0.21-a0-518-g43a1781 (webtiles) character file.

12 theanonym the Skirmisher (level 2, 0/24 HPs)
             Began as a Demonspawn Fighter on Dec 4, 2017.
             Succumbed to a kobold's poison
             ... on level 1 of the Dungeon.
             The game lasted 00:00:40 (218 turns).

theanonym the Skirmisher (Demonspawn Fighter)        Turns: 218, Time: 00:00:41

Health: 0/24       AC:  6    Str: 21    XL:     2   Next: 20%
Magic:  2/2        EV:  7    Int:  9    God:
Gold:   17         SH:  9    Dex: 12    Spells: 1/1 levels left

rFire    . . .     SeeInvis .   a - +0 war axe
rCold    . . .     Gourm    .   c - +0 shield
rNeg     . . .     Faith    .   b - +0 scale mail {10}
rPois    .         Spirit   .   (no helmet)
rElec    .         Reflect  .   (no cloak)
rCorr    .         Harm     .   (no gloves)
MR       .....                  (no boots)
Stlth    ..........             (no amulet)
HPRegen  0.08/turn              (no ring)
MPRegen  0.08/turn              (no ring)

@: mighty, lethally poisoned (0 -> -5)
A: rot immunity
a: no special abilities


Innate Abilities, Weirdness & Mutations

You are immune to rotting.


   Skills:
 + Level 3.2 Fighting
 * Level 2.4 Axes
 - Level 2.6 Armour
 - Level 2.6 Shields


You had one spell level left.
You didn't know any spells.

Skill      XL: |  1 |
---------------+----+-----
Axes           | 2 |  2.4
Fighting       | |  3.2
Armour         | |  2.6
Shields        | |  2.6

Action                   || total
-------------------------++-------
Melee: War axe           ||    26
  Use: Scroll            ||     1
       Potion            ||     1
Armor: Scale mail        ||    14
Dodge: Dodged            ||    11
Block: Shield            ||    21

Inventory:

Hand Weapons
 a - a +0 war axe (weapon)
Armour
 b - a +0 scale mail (worn) {10}
 c - a +0 shield (worn)
Comestibles
 e - a bread ration
 g - a chunk of flesh

Dungeon Overview and Level Annotations

Branches:
Dungeon (1/15)

Altars:


You were on level 1 of the Dungeon.
You were not hungry.

You visited 1 branch of the dungeon, and saw 1 of its levels.

You collected 17 gold pieces.


Message History

You slash the rat!
You kill the rat!
You have reached level 2!
Your demonic ancestry asserts itself...
You feel immune to rotting. You block the bat's attack.
You regained 6 hp, and now have 23/24 hp.
MP restored: 2 A bat is nearby!
A bat is nearby!
A bat is nearby!
A bat is nearby!
You block the bat's attack. The bat barely misses you.
Found a spear.
You closely miss the bat. You block the bat's attack.
A hobgoblin comes into view. It is wielding a club.
The hobgoblin shouts!
The bat hits you but does no damage. You block the bat's attack.
The bat hits you but does no damage.
A kobold comes into view. It is wielding a short sword of venom.
Health restored: 24 You miss the bat.
The bat hits you but does no damage. The bat barely misses you.
The bat hits you but does no damage.
A kobold comes into view. It is wielding a whip.
The kobold shouts!
You slash the bat!
You kill the bat!
You hit the hobgoblin. You block the hobgoblin's attack.
You hit the hobgoblin but do no damage. You block the hobgoblin's attack.
The hobgoblin hits you with a club.
You take 3 damage, and have 21/24 hp.
You slash the hobgoblin!
You kill the hobgoblin!
You closely miss the kobold. The kobold barely misses you.
The kobold throws a stone.
The stone barely misses you. The kobold barely misses you.
You barely miss the kobold. You block the kobold's attack.
You barely miss the kobold.
The kobold hits you but does no damage. x2
You are poisoned.
You completely miss the kobold.
Your shield prevents you from hitting the kobold.
You feel sick. You block the kobold's attack.
The kobold hits you with a short sword of venom.
You take 2 damage, and have 19/24 hp.
You closely miss the kobold. You hit the kobold.
You feel sick. You block the kobold's attack. The kobold barely misses you.
The kobold hits you with a whip.
The kobold hits you with a short sword of venom.
You are lethally poisoned!
You take 5 damage, and have 14/24 hp.
MASSIVE DAMAGE!!
You feel very mighty all of a sudden.
You feel sick. The kobold barely misses you. You block the kobold's attack.
You take 1 damage, and have 13/24 hp.
You barely miss the kobold. You slash the kobold!
You kill the kobold!
* * * LOW HITPOINT WARNING * * *
You feel sick. You block the kobold's attack.
You take 2 damage, and have 11/24 hp.
You hit the kobold.
You kill the kobold!
* * * LOW HITPOINT WARNING * * *
You feel sick.
You take 2 damage, and have 9/24 hp.
* * * LOW HITPOINT WARNING * * *
You feel sick.
Things that are here:
a whip; a club You take 1 damage, and have 8/24 hp.
There is a lethal amount of poison in your body!
* * * LOW HITPOINT WARNING * * *
You feel sick.
You take 1 damage, and have 7/24 hp.
* * * LOW HITPOINT WARNING * * *
You feel sick.
You take 1 damage, and have 6/24 hp.
* * * LOW HITPOINT WARNING * * *
You feel sick.
You take 1 damage, and have 5/24 hp.
* * * LOW HITPOINT WARNING * * *
You feel sick.
You take 1 damage, and have 4/24 hp.
As you read the scroll labeled ZUTYET LUKK, it crumbles to dust.
It is a scroll of amnesia.
You feel forgetful for a moment.
* * * LOW HITPOINT WARNING * * *
You feel sick.
You aren't carrying any potions.
* * * LOW HITPOINT WARNING * * *
You feel sick.
You take 1 damage, and have 3/24 hp.
* * * LOW HITPOINT WARNING * * *
You feel sick.
You take 1 damage, and have 2/24 hp.
* * * LOW HITPOINT WARNING * * *
You feel sick.
You take 1 damage, and have 1/24 hp.
You die...

...... ......##....#######
##..#..........#....
..............+.>.>
#........#.#..#.... .
#............)##### ..
#.......##....#.... #....####
##...)#...#.#..'...< #... ...#
#..@..#.......##....
#...###.###...#.........######
#.........>..#.##..........#
#.............(##...........#
..............###........#..#
..........##### ##..........#
#..........# #.......##.#
#..........### #.......# ..
#..........(.## ......#### #..


There were no monsters in sight!

Notes
Turn   | Place    | Note
-------+----------+-------------------------------------------
     0 | D:1      | theanonym the Demonspawn Fighter began the quest for the Orb.
     0 | D:1      | Reached XP level 1. HP: 18/18 MP: 1/1
    26 | D:1      | Reached skill level 2 in Axes
   185 | D:1      | Gained mutation: You are immune to rotting. [demonic ancestry]
   185 | D:1      | Reached XP level 2. HP: 23/24 MP: 2/2
   203 | D:1      | HP: 11/24 [poisoned by a kobold]
   208 | D:1      | HP: 5/24 [poisoned by a kobold]
   214 | D:1      | HP: 2/24 [poisoned by a kobold]
   218 | D:1      | Succumbed to a kobold's poison

Vanquished Creatures
  A dart slug (D:1)
  4 bats (D:1)
  A hobgoblin (D:1)
  2 kobolds (D:1)
  A goblin (D:1)
  2 rats (D:1)
11 creatures vanquished.

Table legend:
 A = Turns spent in this place as a percentage of turns spent in the entire game.
 B = Non-inter-level travel turns spent in this place as a percentage of non-inter-level travel turns spent in the entire game.
 C = Inter-level travel turns spent in this place as a percentage of turns spent in this place.
 D = Turns resting spent in this place as a percentage of non-inter-level travel turns spent in this place.
 E = Turns spent auto-exploring this place as a percentage of non-inter-level travel turns spent in this place.
 F = Non-inter-level travel turns spent in this place divided by the number of levels of this place that you've seen.
                   A       B       C       D       E      F
               +-------+-------+-------+-------+-------+----------------------
         Total | 100.0 | 100.0 |   0.0 |  59.6 |   9.6 | 218.0
       Dungeon | 100.0 | 100.0 |   0.0 |  59.6 |   9.6 | 218.0
               +-------+-------+-------+-------+-------+----------------------
